 Dungeon Crawl Stone Soup version 0.27.1-3-gb3d3a73c9e (webtiles) character file.

Game seed: 5420066127541343878

2146 Crownlay the Cleaver (level 9, -4/73 HPs)
             Began as a Hill Orc Fighter on Oct 20, 2021.
             Was an Initiate of Okawaru.
             Killed by nerve-wracking pain
             ... invoked by an orc priest
              (12 damage)
             ... on level 7 of the Dungeon.
             The game lasted 00:12:24 (7484 turns).

Crownlay the Cleaver (Hill Orc Fighter)             Turns: 7484, Time: 00:12:25

Health: -4/73      AC:  8    Str: 22    XL:     9   Next: 31%
Magic:  12/12      EV:  9    Int:  8    God:    Okawaru [......]
Gold:   190        SH:  5    Dex: 10    Spells: 8/8 levels left

rFire    + . .     SeeInvis .   a - +0 war axe
rCold    . . .     Faith    .   (no shield)
rNeg     . . .     Spirit   .   b - +0 scale mail
rPois    .         Reflect  +   (no helmet)
rElec    .         Harm     .   (no cloak)
rCorr    .         Rampage  .   u - +0 pair of gloves
Will     .....                  (no boots)
Stlth    ..........             f - amulet of reflection
HPRegen  0.22/turn              j - ring of protection from fire
MPRegen  0.13/turn              p - +4 ring of slaying

@: no status effects
A: no striking features
a: Renounce Religion, Convert to Beogh


You were on level 7 of the Dungeon.
You worshipped Okawaru.
Okawaru was noncommittal.
You visited 2 branches of the dungeon, and saw 8 of its levels.
You also visited: Bailey.

You collected 190 gold pieces.

Inventory:

Hand Weapons
 a - a +0 war axe (weapon)
 t - a +4 vorpal flail
Armour
 b - a +0 scale mail (worn)
 c - a +0 kite shield
 u - a +0 pair of gloves (worn)
Jewellery
 f - an amulet of reflection (around neck)
 j - a ring of protection from fire (left hand)
 p - a +4 ring of slaying (right hand)
 w - a ring of wizardry
Wands
 r - a wand of acid (11)
Scrolls
 e - a scroll of immolation {unknown}
 l - a scroll of magic mapping {unknown}
 n - a scroll of fog {unknown}
 s - 2 scrolls of noise
 x - a scroll of holy word
Potions
 d - a potion of might
 g - a potion of degeneration {unknown}
 h - 2 potions of mutation {unknown}
 i - 3 potions of brilliance
 k - a potion of heal wounds {unknown}
 m - 2 potions of lignification {unknown}
 o - 2 potions of cancellation
 q - 2 potions of curing
 v - 2 potions of invisibility {unknown}


   Skills:
 + Level 4.8 Fighting
 - Level 14.0 Axes
 - Level 3.2 Armour
 - Level 3.2 Shields
 * Level 4.7 Invocations


You had 8 spell levels left.
You didn't know any spells.
Your spell library contained the following spells:

 Spells                   Type           Power      Damage    Failure   Level
 Cause Fear               Hex            0%         N/A       100%        4
 Dragon Form              Tmut           0%         N/A       100%        7
 Dragon's Call            Summ           0%         N/A       100%        9


Dungeon Overview and Level Annotations

Branches:
Dungeon (7/15)             Temple (1/1) D:6          Bailey (visited)

Altars:
Ashenzari
Cheibriados
Elyvilon
Fedhas
Gozag
Hepliaklqana
Kikubaaqudgha
Makhleb
Nemelex Xobeh
Okawaru
Qazlal
Ru
Sif Muna
Uskayaw
Xom
Yredelemnul
Zin
The Shining One

Annotations:
D:6 2 transporters, Cleetus's ghost, novice FoFi


Message History

Okay, then.
Okay, then.
The orc hits you but does no damage. x2
It was a potion of curing.
You feel better.
The orc hits you from afar with a +0 halberd.
* * * LOW HITPOINT WARNING * * *
The orc barely misses you. x2; The orc closely misses you.
Okay, then.
It was a potion of cancellation.
You feel magically purged. The orc barely misses you.
The orc hits you from afar with a +0 halberd.
* * * LOW HITPOINT WARNING * * *
The orc barely misses you. You block the orc's attack.
You feel better. The orc closely misses you.
The orc hits you from afar with a +0 halberd.
* * * LOW HITPOINT WARNING * * *
The orc closely misses you. The orc barely misses you.
The orc hits you from afar with a +0 halberd.
* * * LOW HITPOINT WARNING * * *
The orc hits you from afar with a +0 halberd.
* * * LOW HITPOINT WARNING * * *
The orc closely misses you. You block the orc's attack.
There is a gate leading back out of this place here.
The orc hits you from afar with a +0 halberd.
* * * LOW HITPOINT WARNING * * *
The orc barely misses you. You block the orc's attack.
Welcome back to the Dungeon!
There is an empty arch of ancient stone here.
An orc priest comes into view. It is wielding a +0 halberd.
The orc priest shouts, "Surrender to Beogh and we'll let you live!"
The orc priest shouts!
You hear a shout!
The orc priest invokes the aid of Beogh against you.
Beogh smites you!
* * * LOW HITPOINT WARNING * * *
You hear a shout!
An orc comes into view. It is wielding a +0 flail.
The orc moves out of view.
The orc priest mumbles some strange prayers to Beogh against you.
Pain shoots through your body!
You die...

.##.. ....#.# .....
...... #######.....
#.... ##.....o.....
##... #...).......
#....## #..)∩)..######
##.....##
#...)..........#)....<##
#.......#..###....##....
#.##...@#.####..######..
#.......#..##......###.#
#####...#...........#...
##..#..................
#.................[...#
##.....................
#....#........#..<.....
##..##........##.......
#...........###.......


You could see an orc priest.

Vanquished Creatures
  Grinder (D:6)
  Eustachio (D:6)
  Edmund (D:6)
  A hornet zombie (D:5)
  An ice beast (D:6)
  A black bear (D:3)
  2 necrophages
  An ogre (D:4)
  A centaur (D:6)
  2 phantoms
  2 bullfrogs
  2 scorpions
  A howler monkey (D:4)
  A hound (D:6)
  An orc priest (D:5)
  A bullfrog skeleton (D:5)
  Terence (D:3)
  6 orc wizards
  Natasha (thrice) (D:3)
  An iguana (D:5)
  A howler monkey zombie (D:6)
  7 adders
  11 gnolls
  A shadow imp (D:7)
  3 worms
  A dart slug (D:1)
  18 orcs
  4 endoplasms
  4 giant cockroaches
  5 goblins
  6 hobgoblins
  2 jackals (D:2)
  5 kobolds
  4 quokkas
  4 ball pythons
  6 bats
  2 frilled lizards
  8 rats
123 creatures vanquished.

Notes
Turn   | Place    | Note
-------+----------+-------------------------------------------
     0 | D:1      | Crownlay the Hill Orc Fighter began the quest for the Orb.
     0 | D:1      | Reached XP level 1. HP: 19/19 MP: 1/1
   102 | D:1      | Reached skill level 3 in Axes
   371 | D:1      | Reached XP level 2. HP: 22/26 MP: 2/2
   424 | D:1      | Found a faded altar of an unknown god.
   668 | D:1      | Reached skill level 4 in Axes
  1091 | D:1      | Reached XP level 3. HP: 31/31 MP: 3/3
  1468 | D:2      | Reached skill level 5 in Axes
  1765 | D:2      | Found a shimmering altar of Xom.
  2288 | D:3      | Reached XP level 4. HP: 39/39 MP: 4/4
  2289 | D:3      | Noticed a black bear
  2296 | D:3      | Killed a black bear
  2297 | D:3      | Reached skill level 7 in Axes
  2297 | D:3      | Reached XP level 5. HP: 41/45 MP: 5/5
  2768 | D:3      | Noticed Natasha
  2772 | D:3      | Killed Natasha
  2773 | D:3      | Reached skill level 8 in Axes
  2773 | D:3      | Reached XP level 6. HP: 46/51 MP: 6/6
  2833 | D:3      | Noticed Natasha
  2850 | D:3      | Killed Natasha
  3180 | D:3      | Noticed Terence
  3189 | D:3      | Killed Terence
  3427 | D:3      | Noticed Natasha
  3432 | D:3      | Killed Natasha
  3789 | D:4      | Noticed a +0 hand axe
  3789 | D:4      | Noticed a +0 hand axe
  3794 | D:4      | Reached skill level 9 in Axes
  3797 | D:4      | Found a hide-covered altar of Uskayaw.
  3862 | D:4      | Noticed a necrophage
  3869 | D:4      | Killed a necrophage
  3870 | D:4      | Reached skill level 10 in Axes
  3870 | D:4      | Reached XP level 7. HP: 57/57 MP: 7/7
  4439 | D:5      | Entered Level 5 of the Dungeon
  4880 | D:5      | Reached skill level 11 in Axes
  5152 | D:5      | Reached XP level 8. HP: 55/64 MP: 8/8
  5640 | D:6      | Noticed Edmund
  5711 | D:4      | Reached skill level 12 in Axes
  5963 | D:6      | Killed Edmund
  6126 | D:6      | Reached skill level 13 in Axes
  6246 | D:6      | Found a transporter.
  6385 | D:6      | Noticed a hornet
  6411 | D:6      | Noticed Cleetus's ghost (novice FoFi)
  6494 | D:6      | Found a transporter.
  6513 | D:6      | Found a staircase to the Ecumenical Temple.
  6564 | Temple   | Entered the Ecumenical Temple
  6634 | Temple   | Became a worshipper of Warmaster Okawaru
  6722 | D:6      | Found a sacrificial altar of Ru.
  6727 | D:6      | Noticed Grinder
  6735 | D:6      | Killed Grinder
  6736 | D:6      | Reached skill level 14 in Axes
  6736 | D:6      | Reached XP level 9. HP: 71/71 MP: 8/10
  6898 | D:6      | Noticed Eustachio
  6922 | D:6      | Killed Eustachio
  7397 | D:7      | Found a flagged portal.
  7410 | Bailey   | Entered a bailey
  7484 | D:7      | Killed from afar by an orc priest

Illustrated notes

Levels and vault maps discovered:
D:1:      dpeg_arrival_water_fire, layout_basic, basic_ecumenical_altar
D:2:      layout_basic, basic_altar, kennysheep_generic_room_11
D:3:      layout_loops_cross, hangedman_glass_teeth, uniq_natasha, uniq_terence
D:4:      layout_loops_corners, dancing_weapons_uskayaw
D:5:      layout_cave_pools, patterned_corridor
D:6:      layout_rooms, nicolae_ru_sacrificial_ziggurat, temple_fountains,
          gammafunk_ghost_hive, uniq_grinder, uniq_eustachio, uniq_edmund
D:7:      layout_cave_pools, enter_bailey_2, st_stairs_13
Temple:   regret_index_temple_waves

Skill      XL: |  1  2  3  4  5  6  7  8  9 |
---------------+----------------------------+-----
Axes           | 3 4 5 7 8 10 11 14 | 14.0
Fighting       | 4 |  4.8
Invocations    | 2 4 |  4.7
Armour         | |  3.2
Shields        | |  3.2

Action                   |  1- 3 |  4- 6 |  7- 9 || total
-------------------------+-------+-------+-------++-------
Melee: War axe           |    80 |    98 |   195 ||   373
Evoke: Wand              |       |       |     1 ||     1
  Use: Scroll            |       |       |     3 ||     3
       Potion            |       |       |     3 ||     3
Armor: Scale mail        |    45 |    24 |    70 ||   139
Dodge: Dodged            |    47 |    34 |    90 ||   171
Block: Other             |    18 |    24 |    31 ||    73
       Reflection        |     1 |       |     2 ||     3
